 Dungeon Crawl Stone Soup version 0.27.1 (webtiles) character file.

Game seed: 4720040735671561773

77 bnorton916 the Conjurer (level 4, 0/24 HPs)
             Began as a Deep Elf Conjurer on Aug 21, 2021.
             Slain by an ice beast (8 damage)
             ... on level 3 of the Dungeon.
             The game lasted 00:03:17 (2486 turns).

bnorton916 the Conjurer (Deep Elf Conjurer)         Turns: 2486, Time: 00:03:18

Health: 0/24       AC:  3    Str:  4    XL:     4   Next: 13%
Magic:  8/12       EV: 13    Int: 24    God:
Gold:   109        SH:  0    Dex: 19    Spells: 0/12 levels left

rFire    . . .     SeeInvis .   (no weapon)
rCold    . . .     Faith    .   (no shield)
rNeg     . . .     Spirit   .   a - +0 robe
rPois    .         Reflect  .   (no helmet)
rElec    .         Harm     .   (no cloak)
rCorr    .         Rampage  .   f - +0 pair of gloves
Will     .....                  (no boots)
Stlth    ++........             g - amulet of magic regeneration
HPRegen  0.08/turn              b - +6 ring of dexterity
MPRegen  0.38/turn              (no ring)

@: no status effects
A: no striking features
a: no special abilities


You were on level 3 of the Dungeon.
You visited 1 branch of the dungeon, and saw 3 of its levels.

You collected 109 gold pieces.

Inventory:

Missiles
 h - 59 stones
Armour
 a - a +0 robe (worn)
 f - a +0 pair of gloves (worn)
Jewellery
 b - a +6 ring of dexterity (left hand)
 c - an amulet of regeneration
 g - an amulet of magic regeneration (around neck)
Wands
 q - a wand of paralysis (10)
Scrolls
 e - a scroll of noise {unknown}
 j - a scroll of silence {unknown}
 k - 2 scrolls of teleportation {unknown}
 l - a scroll of amnesia {unknown}
Potions
 d - 2 potions of heal wounds {unknown}
 i - a potion of berserk rage {unknown}
 m - a potion of lignification {unknown}
 n - 2 potions of curing {unknown}
 o - a potion of might {unknown}
 p - a potion of degeneration {unknown}


   Skills:
 - Level 2.4 Dodging
 - Level 2.4 Stealth
 - Level 4.6 Spellcasting
 - Level 5.3 Conjurations
 + Level 0.3 Hexes
 + Level 0.2 Translocations
 + Level 0.3 Fire Magic


You couldn't memorise any spells.
You knew the following spells:

 Your Spells              Type           Power      Damage    Failure   Level
a - Magic Dart            Conj           100%       1d8       1%          1
b - Searing Ray           Conj           62%        3d5       1%          2
c - Fulminant Prism       Conj/Hex       9%         3d7       28%         4
d - Iskenderun's Mystic   Conj/Tloc      19%        2d6       28%         4
e - Foxfire               Conj/Fire      76%        2x1d7     2%          1

Your spell library contained the following spells:

 Spells                   Type           Power      Damage    Failure   Level
 Conjure Flame            Conj/Fire      19%        6-21      9%          3
 Dazzling Flash           Conj/Hex       38%        N/A       9%          3
 Pain                     Necr           20%        1d5       10%         1
 Inner Flame              Hex/Fire       7%         N/A       24%         3
 Agony                    Necr           5%         N/A       95%         5
 Excruciating Wounds      Necr           2%         N/A       95%         5


Dungeon Overview and Level Annotations

Branches:
Dungeon (3/15)

Altars:

Shops:
D:1 [


Message History

There is a stone staircase leading up here.
Found a runed short sword.
Things that are here:
a +0 short sword; 4 poisoned darts An ice beast comes into view.
Casting: Searing Ray (safe; 1% risk of failure)
Confirm with . or Enter, or press ? or * to list all spells.
Aiming: Magic Dart (safe; 1% risk of failure)
Press: ? - help, Shift-Dir - straight line, f - ice beast
Aim: an ice beast (asleep, 100% to hit)
The magic dart hits the ice beast.
The ice beast is lightly wounded.
Casting: Magic Dart (safe; 1% risk of failure)
Confirm with . or Enter, or press ? or * to list all spells.
Aiming: Magic Dart (safe; 1% risk of failure)
Press: ? - help, Shift-Dir - straight line, f/p - ice beast
Aim: an ice beast (lightly wounded, 100% to hit)
The magic dart hits the ice beast.
The ice beast is lightly wounded.
Casting: Magic Dart (safe; 1% risk of failure)
Confirm with . or Enter, or press ? or * to list all spells.
Aiming: Magic Dart (safe; 1% risk of failure)
Press: ? - help, Shift-Dir - straight line, f/p - ice beast
Aim: an ice beast (lightly wounded, 100% to hit)
The magic dart hits the ice beast but does no damage.
The ice beast is lightly wounded.
Casting: Magic Dart (safe; 1% risk of failure)
Confirm with . or Enter, or press ? or * to list all spells.
Aiming: Searing Ray (safe; 1% risk of failure)
Press: ? - help, Shift-Dir - straight line, f/p - ice beast
Aim: an ice beast (lightly wounded, 79% to hit)
The searing ray hits the ice beast!
The ice beast is moderately wounded. (Press . to maintain the ray.)
The ice beast hits you. The ice beast freezes you!
Ouch! That really hurt!
The searing ray hits the ice beast!
The ice beast is severely wounded.
The ice beast hits you. The ice beast freezes you!
You die...

.............#.##
###.####........##
##..............#
#...............#
#...###.#...#.#.#
##...# #....##.#.#
.....# #######.#.#
##..## #.#.##
....# #..@Y# ##.##
#.......... #.#
#........## #.#
########.# #.# #
#.# #.# #.# #.#


You could see an ice beast.

Vanquished Creatures
  2 adders (D:3)
  A worm (D:2)
  2 ball pythons (D:1)
  An endoplasm (D:1)
  4 giant cockroaches
  7 hobgoblins
  9 kobolds
  A quokka (D:2)
  6 bats
  5 frilled lizards
  7 goblins
  10 rats
55 creatures vanquished.

Notes
Turn   | Place    | Note
-------+----------+-------------------------------------------
     0 | D:1      | bnorton916 the Deep Elf Conjurer began the quest for the
                  | Orb.
     0 | D:1      | Reached XP level 1. HP: 10/10 MP: 6/6
   221 | D:1      | Reached XP level 2. HP: 15/15 MP: 2/8
   350 | D:1      | Found a faded altar of an unknown god.
   351 | D:1      | Noticed a great orb of eyes
   427 | D:1      | Noticed an eye of devastation
   542 | D:1      | Found Larhaot's Armour Shoppe.
   771 | D:1      | Noticed an eye of devastation
   775 | D:1      | Noticed a great orb of eyes
   783 | D:1      | Reached skill level 5 in Conjurations
   783 | D:1      | Reached XP level 3. HP: 17/19 MP: 8/10
   786 | D:1      | Learned a level 2 spell: Searing Ray
  1762 | D:3      | Reached XP level 4. HP: 24/24 MP: 10/12
  1767 | D:3      | Learned a level 4 spell: Fulminant Prism
  1772 | D:3      | Learned a level 4 spell: Iskenderun's Mystic Blast
  1774 | D:3      | Learned a level 1 spell: Foxfire
  2481 | D:3      | Noticed an ice beast
  2486 | D:3      | Slain by an ice beast

Illustrated notes

Levels and vault maps discovered:
D:1:      dpeg_arrival_subterranean_lakeside_camping, layout_rooms,
          serial_shops, nicolae_shop_waterfront,
          hellmonk_ecumenical_altar_watching_god
D:2:      layout_basic, hex_medium
D:3:      layout_loops_ring

Skill      XL: |  1  2 |
---------------+-------+-----
Spellcasting   | 4 |  4.6
Conjurations   | 5 |  5.3
Dodging        | |  2.4
Stealth        | |  2.4
Hexes          | |  0.3
Translocations | |  0.2
Fire Magic     | |  0.3

Action                   |  1- 3 |  4- 6 || total
-------------------------+-------+-------++-------
Melee: Unarmed           |     2 |       ||     2
 Cast: Magic Dart        |    89 |     8 ||    97
       Searing Ray       |     1 |     2 ||     3
Armor: Robe              |     3 |       ||     3
Dodge: Dodged            |     3 |     1 ||     4
